 Dungeon Crawl Stone Soup version 0.29-a0-375-g5102b3be25 (webtiles) character file.

Game seed: 692389969100228338

1381 bande the Chopper (level 8, -3/50 HPs)
             Began as a Gargoyle Fighter on May 3, 2022.
             Slain by an ogre
             ... wielding a +0 giant club
              (7 damage)
             ... on level 6 of the Dungeon.
             The game lasted 00:07:40 (6496 turns).

bande the Chopper (Gargoyle Fighter)                Turns: 6496, Time: 00:07:41

Health: -3/50      AC: 19    Str: 20    XL:     8   Next: 67%
Magic:  8/8        EV:  6    Int:  9    God:
Gold:   250        SH:  6    Dex: 11    Spells: 7/7 levels left

rFire   . . .      SeeInvis .   a - +1 war axe
rCold   . . .      Faith    .   c - +1 buckler
rNeg    + . .      Spirit   .   i - +0 plate armour
rPois   ∞          Reflect  .   (no helmet)
rElec   +          Harm     .   (no cloak)
rCorr   .          Rampage  .   m - +0 pair of gloves
Will    +....                   (no boots)
Stlth   ..........              (no amulet)
HPRegen 0.16/turn               l - ring of flight
MPRegen 0.11/turn               u - ring of willpower

@: flying
A: sickness immunity, AC +5, negative energy resistance 1, electricity
resistance, torment resistance 1, petrification resistance
a: no special abilities


You were on level 6 of the Dungeon.
You visited 1 branch of the dungeon, and saw 6 of its levels.

You collected 250 gold pieces.

Inventory:

Hand Weapons
 a - a +1 war axe (weapon)
 s - a +0 flail of protection
Armour
 c - a +1 buckler (worn)
 i - a +0 plate armour (worn)
 m - a +0 pair of gloves (worn)
Jewellery
 l - a ring of flight (left hand)
 u - a ring of willpower (right hand)
Scrolls
 b - a scroll of magic mapping
 d - a scroll of enchant armour
 h - 3 scrolls of teleportation
 q - a scroll of fear
 r - 4 scrolls of enchant weapon
Potions
 e - 5 potions of curing
 g - 4 potions of cancellation
 j - 2 potions of ambrosia
 k - a potion of berserk rage
 n - 2 potions of invisibility
 o - a potion of haste
 t - a potion of mutation {unknown}


   Skills:
 + Level 5.4 Fighting
 + Level 6.7 Axes
 + Level 6.5 Armour
 + Level 5.1 Shields


You had 7 spell levels left.
You didn't know any spells.
Your spell library contained the following spells:

 Spells                   Type           Power      Damage    Failure   Level
 Slow                     Hex            0%         N/A       100%        1
 Scorch                   Fire           0%         2d5       100%        2
 Confusing Touch          Hex            0%         N/A       100%        3
 Dazzling Flash           Conj/Hex       0%         N/A       100%        3
 Vampiric Draining        Necr           0%         2d6       100%        3
 Flame Wave               Conj/Fire      0%         2d4       100%        4
 Fulminant Prism          Conj/Hex       0%         3d6       100%        4
 Iskenderun's Mystic Bla  Conj/Tloc      0%         2d3       100%        4
 Agony                    Necr           0%         N/A       100%        5
 Lee's Rapid Deconstruct  Erth           0%         3d5*      100%        5
 Silence                  Hex/Air        0%         N/A       100%        5
 Summon Cactus Giant      Summ           0%         N/A       100%        6


Dungeon Overview and Level Annotations

Branches:
Dungeon (6/15)
 Temple: D:4-7

Altars:
Uskayaw

Annotations:
D:4 2 runed translucent doors, chopper's ghost, amateur OgGl


Innate Abilities, Weirdness & Mutations

You are immune to sickness and miasma.
Your stone body is resilient. (AC +5)
You are immune to poison.
You resist negative energy. (rN+)
You are resistant to electric shocks. (rElec)
You are resistant to unholy torment.
You are immune to petrification.


Message History

You block the steam dragon's attack. The steam dragon claws you.
The ogre is engulfed in a cloud of scalding steam.
You hit the steam dragon.
The steam dragon is heavily wounded.
The steam dragon breathes steam at you. The ball of steam hits you!
The steam dragon breathes steam at you. The ball of steam hits you!
* * * LOW HITPOINT WARNING * * *
You feel much better.
You are engulfed in a cloud of scalding steam.
You block the steam dragon's attack. The steam dragon barely misses you.
You barely miss the steam dragon.
The steam dragon is heavily wounded.
You hit the ogre.
You are engulfed in a cloud of scalding steam.
The steam dragon bites you but does no damage.
The steam dragon barely misses you. The ogre hits you with a +0 giant club.
* * * LOW HITPOINT WARNING * * *
You barely miss the steam dragon.
The steam dragon is heavily wounded.
You barely miss the ogre. You hit the steam dragon.
The steam dragon barely misses you. The steam dragon claws you.
* * * LOW HITPOINT WARNING * * *
The steam dragon barely misses you.
The steam dragon claws you but does no damage.
You block the ogre's attack.
The steam dragon bites you but does no damage.
The steam dragon claws you.
* * * LOW HITPOINT WARNING * * *
You block the steam dragon's attack. The steam dragon barely misses you.
You hit the steam dragon but do no damage.
The steam dragon is heavily wounded.
You slash the ogre! You hit the steam dragon.
You are engulfed in a cloud of scalding steam.
* * * LOW HITPOINT WARNING * * *
You block the steam dragon's attack. The steam dragon claws you.
* * * LOW HITPOINT WARNING * * *
The ogre hits you with a +0 giant club!
You die...

....D##..#...### ....
......#...#.#..O .....
..$.....#.....#####....
...#.#..............###
.........#....#....##.
##.....$.....#.......
#...............(....
..###..DO.##...........<
......D@§.#.........÷...
#.###.§............<....
#.§§#..##....#......
#..###..#.....#......
### #..#....###))...
#######. #...#> #.
....### ........
#.......#.


You could see 2 steam dragons and an ogre.

Vanquished Creatures
  Grinder (D:3)
  Sigmund (D:3)
  A black bear (D:5)
  2 ogres (D:5)
  3 phantoms
  A kobold brigand (D:6)
  A scorpion (D:4)
  A hound (D:5)
  A jelly (D:4)
  3 iguanas
  Jessica (D:2)
  Natasha (thrice) (D:2)
  4 gnolls
  7 adders
  A shadow imp (D:5)
  A white imp (D:5)
  A worm (D:5)
  A dart slug (D:5)
  3 orcs
  2 endoplasms
  4 giant cockroaches
  3 goblins
  8 hobgoblins
  2 quokkas (D:4)
  7 ball pythons
  4 bats
  A frilled lizard (D:1)
  6 kobolds
  4 rats
78 creatures vanquished.

Vanquished Creatures (others)
  8 plants (D:2)
8 creatures vanquished.

Grand Total: 86 creatures vanquished

Notes
Turn   | Place    | Note
-------+----------+-------------------------------------------
     0 | D:1      | bande the Gargoyle Fighter began the quest for the Orb.
     0 | D:1      | Reached XP level 1. HP: 14/14 MP: 1/1
   456 | D:1      | Reached XP level 2. HP: 19/19 MP: 2/2
  1252 | D:2      | Reached XP level 3. HP: 23/23 MP: 3/3
  1377 | D:2      | Found a faded altar of an unknown god.
  1564 | D:2      | Noticed Jessica
  1566 | D:2      | Killed Jessica
  1567 | D:2      | Reached XP level 4. HP: 26/28 MP: 4/4
  1656 | D:2      | Noticed Natasha
  1660 | D:2      | Killed Natasha
  1773 | D:2      | Noticed Natasha
  1784 | D:2      | Killed Natasha
  1785 | D:2      | Reached XP level 5. HP: 24/32 MP: 5/5
  1913 | D:2      | Noticed Natasha
  1937 | D:2      | Killed Natasha
  2436 | D:3      | Found a hide-covered altar of Uskayaw.
  2582 | D:3      | Noticed Grinder
  2629 | D:3      | Killed Grinder
  2630 | D:3      | Reached skill level 5 in Armour
  2630 | D:3      | Reached XP level 6. HP: 20/38 MP: 6/6
  3006 | D:3      | Noticed Sigmund
  3014 | D:3      | Killed Sigmund
  3015 | D:3      | Reached XP level 7. HP: 37/44 MP: 7/7
  3548 | D:4      | Reached skill level 5 in Axes
  3558 | D:5      | Entered Level 5 of the Dungeon
  4623 | D:4      | Found a large runed translucent door.
  4623 | D:4      | Found a large runed translucent door.
  4627 | D:4      | Noticed chopper's ghost (amateur OgGl)
  5498 | D:5      | Reached skill level 5 in Fighting
  5606 | D:5      | Reached XP level 8. HP: 49/49 MP: 8/8
  6230 | D:6      | Reached skill level 5 in Shields
  6496 | D:6      | Slain by an ogre

Illustrated notes

Levels and vault maps discovered:
D:1:      amcnicky_arrival_feature_with_door, layout_loops_ring,
          minmay_pentomino_z2
D:2:      layout_basic, serial_forest, infiniplex_forest_clump_C,
          infiniplex_forest_clump_double, infiniplex_forest_clump_curved,
          infiniplex_forest_clump_tiny, infiniplex_forest_clump_medium,
          infiniplex_forest_corner_1, infiniplex_forest_diagonal,
          nicolae_ecumenical_lake_church, small_statue_intersection,
          kennysheep_nondescript, patterned_corridor, uniq_jessica, uniq_natasha
D:3:      wad_lake_hut, layout_basic, mainiacjoe_overflow_paths, uniq_sigmund,
          uniq_grinder
D:4:      minmay_opposing_rooms, layout_basic, ebering_ghost_disaster_area
D:5:      layout_basic
D:6:      layout_cave_pools, lemuel_crystal_altar, grunt_decor_resistance,
          minmay_misc_feat_rows, uniq_pikel

Skill      XL: |  1  2  3  4  5  6  7  8 |
---------------+-------------------------+-----
Axes           | 2 3 4 5 6 |  6.7
Armour         | 4 5 6 |  6.5
Shields        | 4 5 |  5.1
Fighting       | 4 5 |  5.4

Action                   |  1- 3 |  4- 6 |  7- 9 || total
-------------------------+-------+-------+-------++-------
Melee: War axe           |    81 |    71 |   185 ||   337
  Use: Scroll            |     8 |     1 |     7 ||    16
       Potion            |       |     2 |     3 ||     5
Armor: Scale mail        |    42 |    40 |    26 ||   108
       Plate armour      |       |       |   106 ||   106
Dodge: Dodged            |    37 |    25 |    66 ||   128
Block: Buckler           |    24 |    18 |    77 ||   119

Table legend: (Time is in decaauts)
 A = Elapsed time spent in this place.
 B = Non-inter-level travel time spent in this place.
 C = Inter-level travel time spent in this place.
 D = Time resting spent in this place.
 E = Time spent auto-exploring this place.
 F = Levels seen in this place.
 G = Mean time per level.
                   A        B        C        D        E       F      G
               +--------+--------+--------+--------+--------+-----+--------+
         Total |   6608 |   6550 |     58 |   1152 |   4265 |   6 | 1101.3 |
       Dungeon |   6608 |   6550 |     58 |   1152 |   4265 |   6 | 1101.3 |
               +--------+--------+--------+--------+--------+-----+--------+

Top non-repeatable levels by time:
     D:5: 1565 daAuts
     D:2: 1543 daAuts
     D:4: 1307 daAuts
     D:3: 963 daAuts
     D:1: 942 daAuts
     D:6: 286 daAuts
